 Dungeon Crawl Stone Soup version 0.16.0 (console) character file.

129456 edsrzf the Unseen (level 17, 112/112 HPs)
             Began as a Kobold Wanderer on Mar 19, 2015.
             Was the Champion of Okawaru.
             Drowned
             ... on level 1 of the Shoals.
             The game lasted 02:52:47 (30328 turns).

edsrzf the Unseen (Kobold Wanderer)                Turns: 30328, Time: 02:52:47

Health: 112/112    AC: 18    Str: 15    XL:     17   Next: 61%
Magic:  33/33      EV: 33    Int: 10    God:    Okawaru [******]
Gold:   2031       SH:  0    Dex: 26    Spells: 7 memorised, 8 levels left

rFire  . . .     SeeInvis +     L - +7 quick blade
rCold  . . .     Clarity  .     l - +2 leather armour
rNeg   + + +     SustAb   +     (no shield)
rPois  +         Gourm    .     W - +2 hat
rElec  +         Spirit   .     i - +2 cloak
rCorr  .         Warding  .     M - +4 pair of gloves of the Republic {rN++ MR++}
rMut   .         Stasis   .     g - +2 pair of boots
MR     +++..                    y - amulet of regeneration
Stlth  +++++.....               b - ring "Wirghula" {rPois Str+3 Stlth+}
                                R - ring of Eninyil {SustAb Contam rElec rN+ Dex+3 SInv}

@: extremely resistant to hostile enchantments, quite stealthy
A: antennae 1, hooves 1, agile 1, blink 1, carnivore 3, electricity resistance,
evolution 1, placid magic 1, MP-powered wands 1
a: Blink, Heroism, Finesse, Renounce Religion


You were on level 1 of the Shoals.
You worshipped Okawaru.
Okawaru was exalted by your worship.
You were not hungry.

You visited 6 branches of the dungeon, and saw 30 of its levels.
You visited 1 bazaar.

You collected 2691 gold pieces.
You spent 660 gold pieces at shops.

Inventory:

Hand weapons
 L - a +7 quick blade (weapon)
 X - a +5 blowgun
Missiles
 t - 2 needles of confusion
 B - 14 curare-tipped needles
 T - 4 steel tomahawks (quivered)
Armour
 g - a +2 pair of boots (worn)
 i - a +2 cloak (worn)
 l - a +2 leather armour (worn)
 M - the +4 pair of gloves of the Republic (worn) {rN++ MR++}
   (Okawaru gifted it to you on level 15 of the Dungeon)

   It greatly protects you from negative energy.
   It affects your resistance to hostile enchantments.
 W - a +2 hat (worn)
Jewellery
 a - an uncursed amulet of stasis
 b - the ring "Wirghula" (right hand) {rPois Str+3 Stlth+}
   (You bought it in a shop in a bazaar)

   [ring of stealth]

   It affects your strength (+3).
   It protects you from poison.
   It makes you more stealthy.
 h - an uncursed ring of protection from fire
 p - an uncursed amulet of warding
 x - an uncursed ring of stealth
 y - an amulet of regeneration (around neck)
 H - a +3 ring of protection
 K - a +4 ring of slaying
 N - an uncursed amulet of guardian spirit
 R - the ring of Eninyil (left hand) {SustAb Contam rElec rN+ Dex+3 SInv}
   (You found it on level 9 of the Dungeon)

   [ring of sustain abilities]

   It sustains your strength, intelligence and dexterity.
   It affects your dexterity (+3).
   It insulates you from electricity.
   It protects you from negative energy.
   It enhances your eyesight.
   It causes magical contamination when unequipped.
 S - an uncursed ring of fire
Magical devices
 e - a wand of fire (11)
 s - a wand of paralysis (3)
 z - a wand of enslavement (19)
 E - a wand of polymorph (4)
 F - a wand of disintegration (14)
 I - a wand of paralysis (12)
 P - a wand of cold (5)
 V - a wand of teleportation (4)
 Z - a wand of digging (18)
Scrolls
 c - 12 scrolls of teleportation
 j - 4 scrolls of blinking
 m - a scroll of fear
 v - 2 scrolls of fog
 D - 13 scrolls of remove curse
 J - a scroll of enchant armour
 Y - a scroll of magic mapping
Potions
 d - 3 potions of brilliance
 n - a potion of haste
 q - 5 potions of agility
 r - 3 potions of heal wounds
 w - 7 potions of curing
 A - a potion of might
 C - 3 potions of cancellation
 G - 4 potions of restore abilities
 U - 2 potions of resistance
Miscellaneous
 k - a plain deck of summoning
Comestibles
 f - 14 meat rations
 o - a royal jelly
 u - 4 beef jerkies
 Q - 9 slices of pizza


   Skills:
 + Level 14.5 Fighting
 + Level 16.6 Short Blades
   Level 1.5 Polearms
 - Level 4.0 Throwing
 + Level 15.9 Dodging
 - Level 18.8 Stealth
 + Level 9.0 Spellcasting
 + Level 6.6 Charms
 - Level 3.0 Transmutations
 - Level 5.1 Air Magic
 - Level 5.0 Earth Magic
 - Level 4.5 Poison Magic
 - Level 1.2 Evocations


You had 8 spell levels left.
You knew the following spells:

 Your Spells              Type           Power        Failure   Level  Hunger
a - Stoneskin             Trmt/Erth      #.......     3%          2    #......
b - Deflect Missiles      Chrm/Air       ##........   99%         6    #######
c - Sting                 Conj/Pois      #...         4%          1    None
d - Flight                Chrm/Air       ##........   2%          3    ##.....
e - Passwall              Trmt/Erth      #.........   5%          3    ##.....
f - Haste                 Chrm           ##......     98%         6    #######
g - Silence               Hex/Air        #.........   98%         5    ######.


Dungeon Overview and Level Annotations

Branches:
Dungeon (15/15)            Temple (1/1) D:6            Lair (8/8) D:8
 Shoals (1/5) Lair:4        Snake (0/5) Lair:4        Slime (0/6) Lair:8
    Orc (4/4) D:11            Elf (1/3) Orc:4        Vaults (0/5) D:13
 Depths (0/5) D:15

Altars:
Ashenzari
Cheibriados
Dithmenos
Elyvilon
Fedhas
Gozag
Kikubaaqudgha
Makhleb
Nemelex Xobeh
Okawaru
Qazlal
Ru
Sif Muna
Trog
Vehumet
Xom
Yredelemnul
Zin
The Shining One
Beogh

Shops:
D:4 *   D:15 (   Orc:4 :([*   Shoals:1 [


Innate Abilities, Weirdness & Mutations

You are small and have problems with some larger weapons.
You are carnivorous and can eat meat at any time.
You have a pair of small antennae on your head.
You have large cloven feet.
You are agile. (Dex +2)
You can translocate small distances at will.
You are resistant to electric shocks.
You evolve.
Your spells are a little easier to cast, but a little less powerful.
You expend magic power (3 MP) to slightly strengthen your wands.


Message History

You feel more buoyant.
Magic restored.
Careful!
You are starting to lose your buoyancy.
Casting: Flight
Confirm with . or Enter, or press ? or * to list all spells.
You feel more buoyant.
Magic restored.
Careful!
You are starting to lose your buoyancy.
Casting: Flight
Confirm with . or Enter, or press ? or * to list all spells.
You don't know that spell.
Casting: Flight
Confirm with . or Enter, or press ? or * to list all spells.
You feel more buoyant.
Magic restored.
Careful!
You are starting to lose your buoyancy.
Partly explored, can't reach some places.
You float gracefully downwards.
You fall into the water!
You sink like a stone!
You drown...
You die...

≈≈≈≈≈≈≈≈≈≈≈≈.########...≈≈≈≈≈≈≈≈≈
≈≈≈≈≈≈≈≈≈≈≈≈≈.....##..≈≈≈≈≈≈≈≈≈≈≈
≈≈≈≈≈≈≈≈≈≈≈≈≈≈≈≈≈≈..≈≈≈≈≈≈≈≈≈≈≈≈≈
≈≈≈≈≈≈≈≈≈≈≈≈≈≈≈≈≈≈≈≈≈≈≈≈≈≈≈≈≈≈≈
≈≈≈≈≈≈≈≈≈≈≈≈≈≈≈≈≈≈≈≈≈≈≈≈≈≈≈≈≈≈
≈≈≈≈≈≈≈≈≈≈≈≈≈≈≈≈≈≈≈≈≈≈≈≈≈≈≈≈≈
≈≈≈≈≈≈≈≈≈≈≈≈≈≈≈≈≈≈≈≈≈≈≈≈≈≈≈≈
≈≈≈≈≈≈≈≈≈≈≈≈≈≈≈≈≈≈≈≈≈≈≈≈≈≈≈
≈≈≈≈≈≈≈≈≈≈≈≈≈≈≈≈@≈≈≈≈≈≈≈≈≈
#########################


There were no monsters in sight!

Vanquished Creatures
  An octopode crusher (Shoals:1)
  Rupert (Lair:4)
  3 orc warlords (Orc:4)
  Gastronok (D:12)
  A war gargoyle (D:13)
  6 dire elephants (Lair:8)
  An ettin (Orc:4)
  Snorg (Lair:4)
  A yaktaur captain (D:15)
  Josephine (D:12)
  A vault guard (D:13)
  A merfolk impaler (Shoals:1)
  2 catoblepae
  9 hydras
  Erica (Orc:2)
  An anaconda (Lair:8)
  The ghost of KingBobson the Blocker, a powerful GrFi of Nemelex Xobeh (D:11)
  2 centaur warriors
  A tengu warrior (D:15)
  3 orc high priests (Orc:4)
  Urug (D:13)
  Nergalle (D:11)
  2 deep elf knights (Elf:1)
  Erolcha (D:9)
  5 skeletal warriors (D:15)
  7 unseen horrors
  A deep elf summoner (Elf:1)
  An ice statue (D:13)
  3 harpies (Shoals:1)
  A lindwurm (Lair:8)
  6 hill giants
  2 oklob plants (Lair:8)
  Pikel (D:5)
  5 orc knights (Orc:4)
  4 deep elf conjurers (Elf:1)
  3 wolf spiders
  4 manticores
  4 griffons
  13 ugly things
  5 orc sorcerers
  A water nymph (Shoals:1)
  13 elephants
  5 sirens
  3 cyclopes
  A smoke demon (Orc:4)
  The ghost of edsrzf the Sneak, an experienced VSWn (D:5)
  5 black mambas
  Psyche (D:9)
  9 gargoyles (D:13)
  A yaktaur (D:15)
  10 komodo dragons
  4 fire drakes
  A kobold demonologist (D:15)
  8 spiny frogs
  An efreet (D:15)
  A harpy zombie (D:13)
  A freezing wraith (D:13)
  13 merfolk
  4 polar bears
  A wolf spider simulacrum (D:15)
  A jumping spider (Elf:1)
  Sonja (D:10)
  A snapping turtle (Shoals:1)
  4 slime creatures (D:13)
  4 trolls
  Prince Ribbit (D:8)
  A boulder beetle (Lair:8)
  4 ravens (D:15)
  10 blink frogs
  A trapdoor spider zombie (D:13)
  2 spriggans
  4 basilisks
  2 shadows
  A tarantella (Elf:1)
  53 yaks
  A water elemental (Shoals:1)
  7 wraiths
  A redback (Elf:1)
  4 wyverns
  Eustachio (D:9)
  6 deep elf magi
  A hungry ghost (D:11)
  A steam dragon (D:13)
  24 wolves
  A vampire mosquito (D:14)
  3 nagas (Lair:4)
  A mottled dragon (shapeshifter) (D:14)
  5 deep elf fighters
  4 sky beasts
  5 wargs
  8 hippogriffs
  15 water moccasins
  A soldier ant (D:12)
  11 porcupines
  13 ogres
  33 orc warriors
  A wasp (Lair:6)
  7 centaurs
  8 ice beasts
  An eye of draining (D:11)
  4 boring beetles
  A brain worm (D:14)
  18 crocodiles
  A phantom (D:13)
  24 giant frogs
  5 big kobolds
  Blork the orc (D:9)
  A wyvern zombie (D:10)
  2 gnoll sergeants
  4 killer bees
  2 scorpions (D:8)
  A wyvern skeleton (D:9)
  4 wights (D:9)
  A goliath beetle (D:6)
  4 electric eels
  11 jellies
  7 centaur zombies
  4 giant frog zombies
  10 crimson imps
  Crazy Yiuf (D:5)
  30 orc priests
  4 centaur skeletons
  7 hounds
  8 worker ants
  10 iguanas
  33 orc wizards
  13 sheep
  A hound zombie (D:5)
  A mummy (D:5)
  59 river rats
  21 adders
  13 gnolls
  A worker ant zombie (D:9)
  3 white imps (D:13)
  7 giant mites
  5 worms
  6 shadow imps
  7 orc zombies
  An adder skeleton (D:5)
  2 giant geckos
  An ooze (D:3)
  173 orcs
  2 ball pythons
  17 bats
  A bat skeleton (D:6)
  6 giant cockroaches
  19 goblins
  19 hobgoblins
  8 jackals
  37 kobolds
  14 quokkas
  A giant gecko skeleton (D:5)
  7 giant newts
  A giant spore (D:13)
  A goblin zombie (Orc:2)
  A quokka skeleton (D:4)
  A quokka zombie (D:5)
  16 rats
  5 plants
1114 creatures vanquished.

Vanquished Creatures (collateral kills)
  A troll (D:12)
  A centaur (D:12)
  A kobold (D:12)
3 creatures vanquished.

Vanquished Creatures (others)
  A yak (Lair:8)
  2 slaves (D:5)
  6 fungi
  4 plants
13 creatures vanquished.

Grand Total: 1130 creatures vanquished

Notes
Turn   | Place    | Note
--------------------------------------------------------------
     0 | D:1      | edsrzf, the Kobold Wanderer, began the quest for the Orb.
     0 | D:1      | edsrzf set off with: a +2 leather armour, a potion of curing, a scroll of teleportation, a +0 dagger, a meat ration
     0 | D:1      | Reached XP level 1. HP: 12/12 MP: 1/1
   118 | D:1      | Reached skill level 1 in Short Blades
   118 | D:1      | Reached XP level 2. HP: 18/18 MP: 2/2
   625 | D:2      | Reached XP level 3. HP: 22/22 MP: 3/3
  1077 | D:2      | Reached XP level 4. HP: 13/27 MP: 4/4
  1371 | D:2      | Found a blossoming altar of Fedhas.
  1373 | D:2      | Found a shimmering altar of Xom.
  1376 | D:2      | Found a glowing golden altar of the Shining One.
  1953 | D:3      | Reached XP level 5. HP: 32/32 MP: 6/6
  2545 | D:3      | Reached skill level 5 in Stealth
  2913 | D:4      | Reached XP level 6. HP: 37/37 MP: 7/7
  3094 | D:4      | Noticed a phantom
  3103 | D:4      | Found Thicraocs' General Store.
  3564 | D:4      | Reached skill level 1 in Throwing
  3586 | D:4      | Bought a potion of might for 48 gold pieces
  3734 | D:5      | Entered Level 5 of the Dungeon
  3734 | D:5      | Noticed a slave
  3811 | D:5      | Noticed a sky beast
  3850 | D:5      | Killed a sky beast
  3850 | D:5      | Reached XP level 7. HP: 10/43 MP: 8/8
  3854 | D:5      | Gained mutation: You have a somewhat thin skeletal structure (Dex +2, Stealth). [mutagenic meat]
  4108 | D:5      | Noticed a sky beast
  4111 | D:5      | Reached skill level 5 in Dodging
  4111 | D:5      | Reached skill level 6 in Stealth
  4772 | D:6      | Reached XP level 8. HP: 48/48 MP: 9/9
  4779 | D:6      | Reached skill level 5 in Short Blades
  4908 | D:6      | Found a staircase to the Ecumenical Temple.
  4928 | Temple   | Entered the Ecumenical Temple
  5300 | D:6      | Reached skill level 5 in Fighting
  5518 | D:5      | Killed a sky beast
  5518 | D:5      | Reached skill level 7 in Stealth
  5522 | D:5      | Gained mutation: You have sharp toenails. [mutagenic meat]
  5539 | D:5      | Noticed Crazy Yiuf
  5545 | D:5      | Killed Crazy Yiuf
  5629 | D:5      | Noticed a slave
  5654 | D:5      | Noticed a slave
  5710 | D:5      | Noticed Pikel
  5712 | D:5      | Killed Pikel
  5712 | D:5      | Reached skill level 8 in Stealth
  5712 | D:5      | Reached XP level 9. HP: 34/56 MP: 10/10
  5733 | D:5      | Killed a freed slave
  5774 | D:5      | Killed a freed slave
  5897 | D:5      | Noticed edsrzf's ghost (experienced VSWn)
  5931 | D:5      | Killed edsrzf's ghost
  5931 | D:5      | Reached skill level 1 in Spellcasting
  6724 | D:6      | Reached skill level 9 in Stealth
  6890 | D:7      | Found an iron altar of Okawaru.
  6893 | D:7      | Became a worshipper of Warmaster Okawaru
  6957 | D:7      | Found a shattered altar of Ashenzari.
  7214 | D:7      | Found a burning altar of Makhleb.
  7215 | D:7      | Found an opulent altar of Gozag.
  7451 | D:8      | Noticed Prince Ribbit
  7481 | D:8      | Killed Prince Ribbit
  7481 | D:8      | Reached XP level 10. HP: 57/63 MP: 13/16
  7672 | D:8      | Found a staircase to the Lair.
  7779 | D:8      | Acquired Okawaru's first power
  8189 | D:9      | Noticed Psyche
  8240 | D:9      | Noticed Erolcha
  8243 | D:9      | Killed Erolcha
  8243 | D:9      | Reached skill level 10 in Stealth
  8255 | D:9      | Got a slimy bone ring
  8257 | D:9      | Identified the ring of Eninyil {SustAb Contam rElec rN+ Dex+3 SInv} (You found it on level 9 of the Dungeon)
  8394 | D:9      | Noticed Eustachio
  8471 | D:9      | Noticed Blork the orc
  8481 | D:9      | Killed Blork the orc
  8557 | D:9      | Killed Eustachio
  8888 | D:9      | Killed Psyche
  8888 | D:9      | Reached XP level 11. HP: 69/69 MP: 21/21
  8948 | D:10     | Entered Level 10 of the Dungeon
  8948 | D:10     | Noticed Sonja
  8949 | D:10     | Killed Sonja
  9106 | D:10     | Noticed a hill giant
  9122 | D:10     | Killed a hill giant
  9122 | D:10     | Reached skill level 11 in Stealth
  9486 | D:10     | Identified a scroll of acquirement
  9495 | D:10     | Gained mutation: You have a pair of small horns on your head. [mutagenic meat]
  9496 | D:10     | Gained mutation: You have a pair of horns on your head. [mutagenic meat]
  9497 | D:10     | Lost mutation: You have a pair of horns on your head. [mutagenic meat]
  9540 | D:10     | Reached skill level 10 in Short Blades
  9559 | D:11     | Noticed an unseen horror
  9572 | D:11     | Killed an unseen horror
  9726 | D:11     | Reached skill level 5 in Spellcasting
  9760 | D:11     | Noticed a hill giant
  9765 | D:11     | Killed a hill giant
  9765 | D:11     | Reached skill level 10 in Dodging
  9765 | D:11     | Reached skill level 12 in Stealth
  9854 | D:11     | Noticed Nergalle
  9918 | D:11     | Noticed a hill giant
  9936 | D:11     | Noticed KingBobson's ghost (powerful GrFi)
  9947 | D:11     | Killed KingBobson's ghost
  9947 | D:11     | Received a gift from Okawaru
  9971 | D:11     | Noticed an unseen horror
  9991 | D:11     | Killed an unseen horror
  9997 | D:11     | Gained mutation: Potions and wands are less effective at restoring your health. [potion of mutation]
  9997 | D:11     | Gained mutation: Your muscles are strong. (Str +2) [potion of mutation]
 10061 | D:11     | Found a staircase to the Orcish Mines.
 10105 | D:11     | Reached XP level 12. HP: 76/76 MP: 25/25
 10114 | D:11     | Acquired Okawaru's second power
 10179 | D:11     | Noticed a cyclops
 10205 | D:11     | Killed a cyclops
 10205 | D:11     | Received a gift from Okawaru
 10205 | D:11     | Reached skill level 13 in Stealth
 10523 | D:11     | Killed a hill giant
 10571 | D:11     | Killed Nergalle
 10681 | D:12     | Noticed Josephine
 10722 | D:12     | Killed Josephine
 10722 | D:12     | Reached skill level 10 in Fighting
 10722 | D:12     | Reached skill level 14 in Stealth
 10740 | D:12     | Received a gift from Okawaru
 10973 | D:12     | Found a flickering gateway to a bazaar.
 10989 | Bazaar   | Entered a bazaar
 10989 | Bazaar   | Found Smaism's General Store.
 10995 | Bazaar   | Found Ynoceine's Gadget Shop.
 11003 | Bazaar   | Found Nuituode's Assorted Antiques.
 11007 | Bazaar   | Found Klaar's Gadget Boutique.
 11013 | Bazaar   | Found Mninuonk's Antique Armour Shop.
 11080 | Bazaar   | Bought a twisted brass amulet for 100 gold pieces
 11080 | Bazaar   | Bought a wavering silver ring for 100 gold pieces
 11084 | Bazaar   | Identified the ring "Wirghula" {rPois Str+3 Stlth+} (You bought it in a shop in a bazaar)
 11091 | Bazaar   | Bought a leatherbound book for 300 gold pieces
 11424 | D:12     | Noticed Gastronok
 11428 | D:12     | Killed Gastronok
 11428 | D:12     | Reached skill level 15 in Stealth
 11943 | D:12     | Reached XP level 13. HP: 83/83 MP: 27/27
 12113 | Lair:1   | Entered Level 1 of the Lair of Beasts
 12198 | Lair:1   | Received a gift from Okawaru
 12297 | Lair:1   | Got a pair of scorched gloves {god gift}
 12303 | Lair:1   | Identified the +1 pair of gloves "Fiuvvio" {rN+ Regen+ Stlth+} (Okawaru gifted it to you on level 1 of the Lair of Beasts)
 12573 | Lair:2   | Learned a level 2 spell: Stoneskin
 12675 | Lair:2   | Reached skill level 1 in Earth Magic
 12726 | Lair:2   | Reached skill level 16 in Stealth
 14818 | Lair:3   | Found a staircase to the Shoals.
 15156 | Lair:4   | Noticed Snorg
 15159 | Lair:4   | Reached skill level 17 in Stealth
 15196 | Lair:5   | Received a gift from Okawaru
 15202 | Lair:5   | Got a bronze scale mail {god gift}
 15213 | Lair:5   | Identified the +3 scale mail of the Game Afoot {+Blink Str+6 Int-4} (Okawaru gifted it to you on level 5 of the Lair of Beasts)
 15414 | Lair:5   | Reached XP level 14. HP: 61/90 MP: 18/29
 16258 | Lair:4   | Found a staircase to the Snake Pit.
 16354 | Lair:4   | Reached skill level 5 in Earth Magic
 16420 | Lair:4   | Got a bloodstained chain mail
 16431 | Lair:4   | Identified the cursed -4 chain mail of Vexation {Contam rC+ Regen+ Int-3 Stlth+} (You found it on level 4 of the Lair of Beasts)
 16454 | Lair:4   | Gained mutation: Your spells are a little easier to cast, but a little less powerful. [mutagenic glow]
 16663 | Lair:4   | Found a staircase to the Shoals.
 16699 | Lair:4   | Noticed Rupert
 16715 | Lair:4   | Killed Rupert
 16715 | Lair:4   | Reached skill level 1 in Transmutations
 16916 | Lair:4   | Killed Snorg
 16916 | Lair:4   | Reached skill level 18 in Stealth
 17037 | Lair:5   | Lost mutation: Your muscles are strong. (Str +2) [potion of cure mutation]
 17037 | Lair:5   | Lost mutation: Your spells are a little easier to cast, but a little less powerful. [potion of cure mutation]
 17037 | Lair:5   | Lost mutation: Potions and wands are less effective at restoring your health. [potion of cure mutation]
 17037 | Lair:5   | Lost mutation: You have a somewhat thin skeletal structure (Dex +2, Stealth). [potion of cure mutation]
 17037 | Lair:5   | Lost mutation: You have sharp toenails. [potion of cure mutation]
 17047 | Lair:5   | Learned a level 6 spell: Deflect Missiles
 17222 | Lair:5   | Reached skill level 1 in Air Magic
 17350 | Lair:5   | Received a gift from Okawaru
 18318 | Lair:7   | Lost mutation: You have a pair of small horns on your head. [potion of mutation]
 18318 | Lair:7   | Gained mutation: You can translocate small distances at will. [potion of mutation]
 18319 | Lair:7   | Gained mutation: You evolve. [potion of mutation]
 18319 | Lair:7   | Gained mutation: Your spells are a little easier to cast, but a little less powerful. [potion of mutation]
 18319 | Lair:7   | Gained mutation: You are resistant to electric shocks. [potion of mutation]
 18428 | Lair:7   | Reached XP level 15. HP: 97/97 MP: 29/29
 18507 | Lair:7   | Reached skill level 1 in Charms
 18945 | Lair:7   | Identified the Disquisition on Battle Magic and Malediction (You found it on level 7 of the Lair of Beasts)
 18948 | Lair:7   | Learned a level 1 spell: Sting
 19016 | Lair:8   | Entered Level 8 of the Lair of Beasts
 19314 | Lair:8   | Gained mutation: You expend magic power (3 MP) to slightly strengthen your wands. [evolution]
 19636 | Lair:8   | Found a dark tunnel.
 20048 | Lair:8   | Received a gift from Okawaru
 20363 | Lair:8   | Found a staircase to the Slime Pits.
 20406 | Lair:8   | Reached skill level 5 in Air Magic
 20508 | Lair:8   | Reached skill level 1 in Poison Magic
 20760 | Lair:2   | Learned a level 3 spell: Flight
 20764 | Lair:2   | Learned a level 3 spell: Passwall
 20771 | Lair:2   | Learned a level 6 spell: Haste
 20777 | Lair:2   | Learned a level 5 spell: Silence
 20948 | Orc:1    | Entered Level 1 of the Orcish Mines
 21400 | Orc:2    | Noticed Erica
 21423 | Orc:2    | Killed Erica
 22192 | Orc:4    | Entered Level 4 of the Orcish Mines
 22226 | Orc:4    | Received a gift from Okawaru
 22545 | Orc:4    | Reached skill level 15 in Short Blades
 22626 | Orc:4    | Noticed an orc warlord
 22672 | Orc:4    | Killed an orc warlord
 22693 | Orc:4    | Found a roughly hewn altar of Beogh.
 22768 | Orc:4    | Received a gift from Okawaru
 23109 | Orc:4    | Received a gift from Okawaru
 23132 | Orc:4    | Reached XP level 16. HP: 67/104 MP: 30/30
 23137 | Orc:4    | Found a roughly hewn altar of Beogh.
 23153 | Orc:4    | Noticed an orc warlord
 23192 | Orc:4    | Killed an orc warlord
 23215 | Orc:4    | Found Moalup's General Store.
 23416 | Orc:4    | Received a gift from Okawaru
 23511 | Orc:4    | Found a staircase to the Elven Halls.
 23548 | Orc:4    | Noticed an orc warlord
 23623 | Orc:4    | Killed an orc warlord
 23809 | Orc:4    | Found Thrett's Antique Armour Boutique.
 23824 | Orc:4    | Found Qikh's Book Boutique.
 23847 | Orc:4    | Found Thohuh Selub's Antique Weapon Boutique.
 24165 | Orc:4    | Bought a scroll of enchant armour for 112 gold pieces
 24205 | Elf:1    | Entered Level 1 of the Elven Halls
 25264 | D:8      | Noticed a hill giant
 25271 | D:8      | Killed a hill giant
 25561 | D:13     | Gained mutation: You are agile. (Dex +2) [evolution]
 25859 | D:13     | Reached skill level 5 in Charms
 25865 | D:13     | Reached skill level 15 in Dodging
 25967 | D:13     | Noticed Urug
 26075 | D:13     | Killed Urug
 26459 | D:13     | Received a gift from Okawaru
 27080 | D:13     | Received a gift from Okawaru
 27084 | D:13     | Found a gate to the Vaults.
 27629 | D:14     | Gained mutation: You have large cloven feet. [evolution]
 27710 | D:15     | Entered Level 15 of the Dungeon
 27782 | D:15     | Found Okkur's Weapon Shoppe.
 27827 | D:15     | Reached XP level 17. HP: 111/111 MP: 29/32
 28342 | D:15     | Received a gift from Okawaru
 28368 | D:15     | Got a pair of bloodstained gloves {god gift}
 28379 | D:15     | Identified the +4 pair of gloves of the Republic {rN++ MR++} (Okawaru gifted it to you on level 15 of the Dungeon)
 28734 | D:15     | Found a staircase to the Depths.
 29212 | Shoals:1 | Entered Level 1 of the Shoals
 29295 | Shoals:1 | Gained mutation: You have a pair of small antennae on your head. [potion of beneficial mutation]
 29452 | Shoals:1 | Found Khinav's Armour Shoppe.
 30328 | Shoals:1 | Drowned

Action                   |  1- 3 |  4- 6 |  7- 9 | 10-12 | 13-15 | 16-18 || total
-------------------------+-------+-------+-------+-------+-------+-------++-------
Melee: Dagger            |    25 |       |   265 |   444 |  1230 |       ||  1964
       Short sword       |    97 |   270 |    78 |       |       |       ||   445
       Quick blade       |       |       |       |       |   647 |  1177 ||  1824
 Fire: Blowgun           |       |     4 |       |       |       |       ||     4
Throw: Stone             |     4 |       |       |       |       |       ||     4
       Tomahawk          |       |       |     6 |     6 |     7 |     5 ||    24
 Cast: Stoneskin         |       |       |       |       |     7 |    17 ||    24
       Sting             |       |       |       |       |     1 |       ||     1
       Flight            |       |       |       |       |       |    44 ||    44
Evoke: Wand              |       |       |       |       |     3 |       ||     3
  Use: Scroll            |     3 |     2 |     2 |    14 |    12 |     7 ||    40
       Potion            |       |     1 |       |     6 |     9 |     7 ||    23
 Stab: Sleeping          |     3 |    14 |    15 |    47 |    84 |    56 ||   219
       Distracted        |       |       |     2 |     3 |    20 |    14 ||    39
       Paralysed         |       |       |       |     3 |     6 |       ||     9
       Petrifying        |       |       |       |     2 |     7 |       ||     9
       Petrified         |       |       |       |     2 |     2 |       ||     4
       Confused          |       |       |       |     1 |     5 |       ||     6
  Eat: Chunk             |     5 |    12 |     7 |    22 |    40 |    25 ||   111
